 Dungeon Crawl Stone Soup version 0.15.1-3-g1b33baa (webtiles) character file.

257 Kex the Shield-Bearer (level 6, -1/39 HPs)
             Began as a Gargoyle Fighter on Oct 11, 2014.
             Slain by Heini's ghost (11 damage)
             ... on Level 3 of the Dungeon.
             The game lasted 00:09:04 (2980 turns).

Kex the Shield-Bearer (Gargoyle Fighter)            Turns: 2980, Time: 00:09:05

HP  -1/39        AC 16     Str 20      XL: 6   Next: 16%
MP   6/6         EV  7     Int  9      God:
Gold 110         SH  9     Dex 10      Spells:  0 memorised,  5 levels left

rFire  . . .     SeeInvis .     j - +0 mace (drain)
rCold  . . .     Clarity  +     b - +0 scale mail
rNeg   + . .     rCorr    .     c - +0 shield
rPois  +         rRot     +     (no helmet)
rElec  +         Spirit   .     (no cloak)
SustAb +         Warding  .     (no gloves)
rMut   .         Stasis   .     (no boots)
Gourm  .                        n - amulet of clarity
MR     .....                    p - ring of sustain abilities
                                l - +5 ring of protection

@: not resistant to hostile enchantments, extremely unstealthy
A: negative energy resistance 1, electricity resistance, unbreathing,
petrification resistance, rot immunity, AC +4
a: no special abilities


You were on level 3 of the Dungeon.
You were hungry.

You visited 1 branch of the dungeon, and saw 3 of its levels.

You collected 110 gold pieces.

Inventory:

Hand weapons
 j - a +0 mace of draining (weapon)
Armour
 b - a +0 scale mail (worn)
 c - a +0 shield (worn)
Comestibles
 d - 4 bread rations
 i - a beef jerky
 m - 2 meat rations
Scrolls
 g - a scroll of remove curse
 h - a scroll of recharging {unknown}
 q - a scroll of teleportation {unknown}
Jewellery
 l - a +5 ring of protection (left hand)
 n - an amulet of clarity (around neck)
 o - an uncursed ring of protection from fire
 p - a ring of sustain abilities (right hand)
 s - an uncursed amulet of stasis
Potions
 a - a potion of haste {unknown}
 e - 2 potions of might
 f - 3 potions of curing {unknown}
 k - 2 potions of resistance {unknown}
 r - a potion of poison {unknown}


   Skills:
 + Level 4.3 Fighting
 + Level 3.3 Maces & Flails
 + Level 4.0 Armour
 + Level 1.9 Dodging
 + Level 4.6 Shields


You had 5 spell levels left.
You didn't know any spells.

Dungeon Overview and Level Annotations

Branches:
Dungeon (3/15)

Altars:
Fedhas

Annotations:
D:3 Heini's ghost, weakling MiFi


Innate Abilities, Weirdness & Mutations

You are resistant to torment.
You are immune to poison.
Your stone body is very resilient (AC +4).
You resist negative energy.
You are resistant to electric shocks.
You can survive without breathing.
You are immune to petrification.
You are immune to rotting.


Message History

Heini's ghost is severely damaged.
You block Heini's ghost's attack.
Your shield prevents you from hitting Heini's ghost.
Heini's ghost is severely damaged.
Heini's ghost hits you!
You closely miss Heini's ghost.
Heini's ghost is severely damaged.
Heini's ghost hits you but does no damage.
Heini's ghost says, "You must not succeed where I failed!"
Heini's ghost closely misses you.
You hit Heini's ghost but do no damage.
Heini's ghost is severely damaged.
Heini's ghost hits you!
* * * LOW HITPOINT WARNING * * *
You are too injured to fight recklessly!
You are too injured to fight recklessly!
You closely miss Heini's ghost.
Heini's ghost is severely damaged.
Heini's ghost hits you!
You die...

#.# #.# #.# #.#
#########.#####.#
.......(.........
#########.#####.#
#........ #.#######
###.#############.#######
.......W@................
###.############.########
#......... #.######## #.#
###


You could see Heini's ghost.

Vanquished Creatures
  A centaur (D:3)
  An ogre (D:3)
  A jelly (D:2)
  An adder (D:2)
  A worm (D:2)
  4 giant geckos
  6 orcs (D:3)
  10 hobgoblins
  A quokka (D:3)
  4 bats
  5 giant newts
  6 goblins
  8 kobolds
  8 rats
57 creatures vanquished.

Notes
Turn   | Place    | Note
--------------------------------------------------------------
     0 | D:1      | Kex, the Gargoyle Fighter, began the quest for the Orb.
     0 | D:1      | Reached XP level 1. HP: 14/14 MP: 1/1
   314 | D:1      | Reached XP level 2. HP: 19/19 MP: 2/2
  1101 | D:2      | Reached XP level 3. HP: 18/23 MP: 3/3
  1781 | D:3      | Found a blossoming altar of Fedhas.
  1782 | D:3      | Noticed a centaur
  1815 | D:3      | Killed a centaur
  1815 | D:3      | Reached skill level 4 in Fighting
  1815 | D:3      | Reached skill level 1 in Dodging
  1815 | D:3      | Reached XP level 4. HP: 20/29 MP: 4/4
  1815 | D:3      | Reached XP level 5. HP: 22/33 MP: 5/5
  2048 | D:3      | Noticed an ogre
  2061 | D:3      | Killed an ogre
  2211 | D:3      | Reached XP level 6. HP: 27/38 MP: 6/6
  2942 | D:3      | Noticed Heini's ghost (weakling MiFi)
  2980 | D:3      | Slain by Heini's ghost

Action                   |  1- 3 |  4- 6 || total
-------------------------+-------+-------++-------
Melee: Flail             |   160 |    11 ||   171
       Mace              |       |    71 ||    71
  Use: Scroll            |     4 |       ||     4
  Eat: Chunk             |     3 |     3 ||     6
